 Dungeon Crawl Stone Soup version 0.30.1-9-gdf580d7c3d (webtiles) character file.

Game seed: 5057712912310840282

2750 Peloso the Carver (level 9, -9/78 HPs)
             Began as a Minotaur Fighter on Oct 20, 2023.
             Was a Follower of Okawaru.
             Mangled by a two-headed ogre
             ... wielding a +0 giant spiked club
              (10 damage)
             ... on level 8 of the Dungeon.
             The game lasted 00:11:18 (6792 turns).

Peloso the Carver (Minotaur Fighter)                Turns: 6792, Time: 00:11:19

Health: -9/78      AC: 17    Str: 22    XL:     9   Next: 41%
Magic:  8/8        EV:  7    Int:  5    God:    Okawaru [*.....]
Gold:   506        SH:  5    Dex: 13    Spells: 8/8 levels left

rFire   . . .        a - +1 long sword (holy)
rCold   . . .        d - +0 buckler
rNeg    . . .        A - +0 plate armour
rPois   .            (helmet restricted)
rElec   .            (no cloak)
rCorr   .            E - +2 pair of gloves
SInv    .            (no boots)
Will    .....        (no amulet) Stlth
                     (no ring)
HPRegen 0.33/turn    (no ring)
MPRegen 0.11/turn

%: no passive effects
@: no status effects
A: horns 2, retaliatory headbutt
a: Renounce Religion, Heroism


You were on level 8 of the Dungeon.
You worshipped Okawaru.
Okawaru was aware of your devotion.
You visited 1 branch of the dungeon, and saw 8 of its levels.

You collected 506 gold pieces.

Inventory:

Hand Weapons
 a - a +1 long sword of holy wrath (weapon)
Armour
 b - a +0 scale mail
 c - a +0 chain mail
 d - a +0 buckler (worn)
 v - a +3 plate armour
 A - a +0 plate armour (worn)
 E - a +2 pair of gloves (worn)
Wands
 r - a wand of paralysis (6)
 x - a wand of polymorph (10)
 H - a wand of digging (6)
Scrolls
 e - 4 scrolls of poison
 o - 2 scrolls of teleportation
 p - 3 scrolls of immolation {unknown}
 s - 2 scrolls of fear {unknown}
 t - 3 scrolls of fog {unknown}
 u - a scroll of butterflies {unknown}
 w - a scroll of enchant armour {unknown}
 y - 2 scrolls of enchant weapon {unknown}
 z - a scroll of amnesia
 B - a scroll of acquirement {unknown}
 G - a scroll of brand weapon {unknown}
Potions
 f - 2 potions of heal wounds
 g - 3 potions of cancellation
 h - a potion of brilliance
 i - 2 potions of might
 j - 2 potions of flight
 k - 3 potions of lignification
 l - a potion of resistance
 m - 2 potions of invisibility
 n - 3 potions of curing
 q - a potion of haste {unknown}
 C - a potion of berserk rage {unknown}


   Skills:
 + Level 6.8 Fighting
 + Level 10.3 Long Blades
 + Level 8.4 Armour
 + Level 2.7 Dodging
 + Level 1.1 Stealth
 + Level 6.8 Shields
 + Level 0.2 Evocations


You had 8 spell levels left.
You didn't know any spells.
Your spell library contained the following spells:

 Spells                   Type           Power      Damage    Failure   Level
 Shock                    Conj/Air       0%         1d3       100%        1
 Blink                    Tloc           0%         N/A       100%        2
 Lesser Beckoning         Tloc           0%         N/A       100%        2
 Momentum Strike          Conj/Tloc      0%         3d8       100%        2
 Poisonous Vapours        Pois/Air       0%         N/A       100%        2
 Hailstorm                Conj/Ice       0%         3d3       100%        3
 Mephitic Cloud           Conj/Pois/Air  0%         N/A       100%        3
 Swiftness                Air            0%         N/A       100%        3
 Airstrike                Air            0%         2d(0-16)  100%        4
 Ice Form                 Ice/Tmut       0%         N/A       100%        4
 Passage of Golubria      Tloc           0%         N/A       100%        4
 Freezing Cloud           Conj/Ice/Air   0%         6-21      100%        5
 Yara's Violent Unravell  Hex/Tmut       0%         3d3       100%        5
 Orb of Destruction       Conj           0%         9d5       100%        7
 Summon Guardian Golem    Hex/Summ       Unusable   N/A       N/A         3
 Tukima's Dance           Hex            Unusable   N/A       N/A         3
 Simulacrum               Ice/Necr       Unusable   N/A       N/A         6
 Spellforged Servitor     Conj/Summ      Unusable   N/A       N/A         7

Dungeon Overview and Level Annotations

Branches:
Dungeon (8/15)             Temple (0/1) D:7
   Lair: D:8-11

Altars:
Dithmenos
Hepliaklqana
Makhleb
Okawaru
Ru
Vehumet
Wu Jian
Xom
The Shining One

Annotations:
D:4 Blork the orc


Innate Abilities, Weirdness & Mutations

You have a pair of horns on your head.
You reflexively headbutt those who attack you in melee.


Message History

Aim: a two-headed ogre, wielding a +0 giant spiked club and a +0 dire flail The mass of ice explodes!
The iceblast engulfs the two-headed ogre.
The two-headed ogre is lightly wounded.
Unknown command.
Aiming: Iceblast
Press: ? - help, Shift-Dir - straight line, f/p - two-headed ogre
Aim: a two-headed ogre, wielding a +0 giant spiked club and a +0 dire flail (lightly wounded)
The mass of ice explodes!
The iceblast engulfs the two-headed ogre!
The two-headed ogre is moderately wounded.
Aiming: Iceblast
Press: ? - help, Shift-Dir - straight line, f/p - two-headed ogre
Aim: a two-headed ogre, wielding a +0 giant spiked club and a +0 dire flail (moderately wounded)
The mass of ice explodes!
The iceblast engulfs the two-headed ogre!
The two-headed ogre is heavily wounded.
Aiming: Iceblast
Press: ? - help, Shift-Dir - straight line, f/p - two-headed ogre
Aim: a two-headed ogre, wielding a +0 giant spiked club and a +0 dire flail (heavily wounded)
The mass of ice explodes!
The iceblast engulfs the two-headed ogre!
The two-headed ogre is severely wounded.
The now-empty wand crumbles to dust.
You hit the two-headed ogre but do no damage.
The two-headed ogre is severely wounded.
You block the two-headed ogre's attack.
The two-headed ogre hits you but does no damage.
You hit the two-headed ogre but do no damage.
The two-headed ogre is severely wounded.
The two-headed ogre hits you with a +0 giant spiked club!
* * * LOW HITPOINT WARNING * * *
The two-headed ogre hits you with a +0 dire flail!
* * * LOW HITPOINT WARNING * * *
You hit the two-headed ogre but do no damage.
The two-headed ogre is severely wounded.
You slash the two-headed ogre!
The two-headed ogre is severely wounded.
The two-headed ogre hits you with a +0 giant spiked club!
You die...

#.. .#
##..#..
.....#
#....##
#.....
###...)
#...)O#
#.@#
#..#######
#.)))...<#
##.#####.#
#.# #.#
... ..<
#.## #.##
#. #.# #.
#.#


You could see a two-headed ogre.

Vanquished Creatures
  Pikel (D:4)
  Prince Ribbit (D:6)
  A hornet (D:6)
  A steam dragon (D:7)
  2 ice beasts
  3 orc warriors
  An ogre (D:5)
  A centaur (D:5)
  2 lemures (D:4)
  2 kobold brigands
  3 scorpions
  A howler monkey (D:4)
  2 jellies
  2 hounds
  2 gnoll boudas
  An orc priest (D:7)
  3 sleepcaps
  Ijyb (D:4)
  4 iguanas
  5 orc wizards
  6 adders
  6 gnolls
  A shadow imp (D:8)
  3 white imps
  5 worms
  A dart slug (D:1)
  13 orcs
  8 bats
  4 endoplasms
  3 giant cockroaches
  8 goblins
  10 hobgoblins
  6 jackals
  16 kobolds
  6 quokkas
  13 ball pythons
  4 frilled lizards
  6 rats
158 creatures vanquished.

Notes
Turn   | Place    | Note
-------+----------+-------------------------------------------
     0 | D:1      | Peloso the Minotaur Fighter began the quest for the Orb.
     0 | D:1      | Reached XP level 1. HP: 19/19 MP: 0/0
   317 | D:1      | Reached XP level 2. HP: 27/27 MP: 1/1
   602 | D:1      | Reached XP level 3. HP: 33/33 MP: 2/2
   719 | D:2      | Reached skill level 3 in Long Blades
  1039 | D:2      | Reached XP level 4. HP: 40/40 MP: 3/3
  1134 | D:2      | Reached skill level 4 in Long Blades
  1730 | D:3      | Found a glowing golden altar of the Shining One.
  2259 | D:3      | Found a sacrificial altar of Ru.
  2268 | D:3      | Found a radiant altar of Vehumet.
  2584 | D:4      | Noticed a scorpion
  2591 | D:4      | Killed a scorpion
  2592 | D:4      | Reached XP level 5. HP: 44/47 MP: 4/4
  2657 | D:4      | Reached skill level 5 in Long Blades
  2673 | D:4      | Noticed a lemure
  2673 | D:4      | Noticed a lemure
  2673 | D:4      | Noticed a lemure
  2688 | D:4      | Killed a lemure
  2693 | D:4      | Killed a lemure
  2724 | D:4      | Noticed Pikel
  2745 | D:4      | Noticed a lemure
  2753 | D:4      | Killed Pikel
  2754 | D:4      | Reached skill level 5 in Fighting
  2754 | D:4      | Reached skill level 6 in Long Blades
  2754 | D:4      | Reached skill level 5 in Armour
  2754 | D:4      | Reached skill level 1 in Dodging
  2754 | D:4      | Reached skill level 1 in Stealth
  2754 | D:4      | Reached skill level 5 in Shields
  2754 | D:4      | Reached XP level 6. HP: 14/56 MP: 5/5
  2754 | D:4      | Reached XP level 7. HP: 16/61 MP: 6/6
  2972 | D:4      | Reached skill level 7 in Long Blades
  3044 | D:4      | Noticed Ijyb
  3051 | D:4      | Killed Ijyb
  3250 | D:4      | Noticed Blork the orc
  3270 | D:5      | Entered Level 5 of the Dungeon
  3640 | D:5      | Reached XP level 8. HP: 44/69 MP: 7/7
  3939 | D:5      | Reached skill level 8 in Long Blades
  4239 | D:5      | Found an iron altar of Okawaru.
  4242 | D:5      | Became a worshipper of Warmaster Okawaru
  5098 | D:6      | Noticed Prince Ribbit
  5147 | D:6      | Noticed a hornet
  5152 | D:6      | Paralysed by a hornet for 2 turns
  5159 | D:6      | Killed a hornet
  5361 | D:6      | Reached skill level 9 in Long Blades
  5510 | D:6      | Killed Prince Ribbit
  5541 | D:6      | Found an ornate altar of the Wu Jian Council.
  5623 | D:7      | Found a hazy altar of Hepliaklqana.
  5627 | D:7      | Found a shadowy altar of Dithmenos.
  5648 | D:7      | Reached * piety under Okawaru
  5655 | D:7      | Reached XP level 9. HP: 49/75 MP: 8/8
  5743 | D:7      | Found a staircase to the Ecumenical Temple.
  5850 | D:7      | Found a burning altar of Makhleb.
  6572 | D:7      | Found a shimmering altar of Xom.
  6743 | D:8      | Reached skill level 10 in Long Blades
  6770 | D:8      | HP: 1/78 [shot self (16)]
  6783 | D:8      | Noticed a two-headed ogre
  6790 | D:8      | HP: 1/78 [two-headed ogre/+0 giant spiked club (17)]
  6792 | D:8      | Mangled by a two-headed ogre

Illustrated notes

Levels and vault maps discovered:
D:1:      nicolae_arrival_memento_mori, layout_basic, nicolae_grassy_gnolls
D:2:      kennysheep_six_static_rooms, layout_basic, amcnicky_mini_pool_small
D:3:      layout_basic, mainiacjoe_overflow_swirl, general_overflow_altar,
          amcnicky_mini_rare_corridor_liquid,
          nicolae_concentric_dashed_squares_wild, guppyfry_early_orc_mine
D:4:      layout_basic, tgw_sif, uniq_ijyb, uniq_pikel
D:5:      layout_loops_corners, kennysheep_mini
D:6:      layout_basic, mainiacjoe_overflow_alcove_4, uniq_prince_ribbit1
D:7:      layout_rooms, riverfiend_overflow_shadow_ancestor,
          lightli_temple_of_fire, mainiacjoe_overflow_alcove_2, temple_doors_ab
D:8:      minmay_the_grid_octo_tiled_squarecenter [minmay_the_grid_octo_empty,
          minmay_the_grid_octo_toaster, minmay_the_grid_octo_vomiting_pacman,
          minmay_the_grid_octo_thin_diamonds,
          minmay_the_grid_square_5x5_megaprize_diamond,
          minmay_the_grid_square_5x5_longway,
          minmay_the_grid_square_5x5_detours,
          minmay_the_grid_square_5x5_checkered,
          minmay_the_grid_square_5x5_three_walls], layout_loops_ring,
          enter_ossuary_2, minmay_checkerbox

Skill      XL: |  1  2  3  4  5  6  7  8  9 |
---------------+----------------------------+-----
Armour         | 4 5 6 8 |  8.4
Shields        | 4 5 6 |  6.8
Fighting       | 4 5 6 |  6.8
Long Blades    | 3 4 6 7 9 10 | 10.3
Dodging        | 1 2 |  2.7
Stealth        | 1 |  1.1
Evocations     | |  0.2

Action                     |  1- 3 |  4- 6 |  7- 9 || total
---------------------------+-------+-------+-------++-------
  Melee: Long sword        |    84 |   119 |   294 ||   497
         Headbutt          |     7 |    27 |    65 ||    99
 Invoke: Heroism           |       |       |     1 ||     1
  Evoke: Wand              |       |       |    13 ||    13
    Use: Scroll            |       |     9 |     2 ||    11
         Potion            |       |       |     3 ||     3
 Armour: Scale mail        |    47 |    27 |       ||    74
         Chain mail        |       |    16 |    16 ||    32
         Plate armour      |       |       |   146 ||   146
  Dodge: Dodged            |    32 |    52 |    92 ||   176
  Block: Buckler           |    16 |    22 |    65 ||   103
